[Event "***Titled Tuesday 3|2 Blitz"]
[Site "Chess.com"]
[Date "2017.02.07"]
[Round "1"]
[White "Aguiar94"]
[Black "Saitama_Hero"]
[Result "1-0"]
[WhiteElo "2448"]
[BlackElo "2039"]
[TimeControl "180+2"]
[EndTime "13:07:32 PST"]
[Termination "Aguiar94 won by resignation"]

1. e4 c5 2. Nf3 e6 3. d4 cxd4 4.
Nxd4 a6 5. Bd3 Qc7 6. O-O Nf6 7. Qe2 Bc5 8. Nb3 Ba7 9. e5 Nd5 10. a3 Nc6 11. Re1 b5 12. a4 b4 13. Qe4 Bb7 14.
N1d2 f5 15. exf6 Nxf6 16. Qh4 O-O-O 17. Nc4 Rhf8 18. Bf4 e5 19. Nxe5 Nd5 20. Nxc6 Qxc6 21. Bg3 Ne3 22. Qh3 Ng4 23. Be4 Nxf2 24. Bxf2 Rxf2 25.
Bxc6 Bxc6 26. Kh1 Re8 27. Rxe8+ 1-0

[Event "***Titled Tuesday 3|2 Blitz"]
[Site "Chess.com"]
[Date "2017.02.07"]
[Round "1"]
[White "jcgs1030"]
[Black "AlexanderL"]
[Result "0-1"]
[WhiteElo "2296"]
[BlackElo "2575"]
[TimeControl "180+2"]
[EndTime "13:07:35 PST"]
[Termination "AlexanderL won by resignation"]

1. e4 e6 2. c4 d5 3. exd5 exd5 4.
cxd5 Nf6 5. Bb5+ Nbd7 6. Nc3 Be7 7. d4 O-O 8. Nf3 Nb6 9. O-O Nbxd5 10. Bg5 c6 11.
Ba4 Bg4 12. Bc2 h6 13. Bh4 Nb4 14. Bxf6 Bxf6 15. Be4 Bxf3 16. Qxf3 Qxd4 17. Rad1 Qc5 18. Rd7 Rab8 19. Rfd1 Na6 20. Bb1 Bxc3 21. bxc3 Qe5 22. g3 Nc5 23. R7d4 Rfe8 24. Kg2 g6 25. Rf4 Re7 26. Qg4 Kg7 27. h4 h5 28. Qf3 Rbe8 29. Rdd4 Ne6 30. Rde4 Nxf4+ 31. Rxf4 Rd8 32. Kh2 Rd2 33. Rb4 Qc5 34. Kg2 Ree2 0-1

[Event "***Titled Tuesday 3|2 Blitz"]
[Site "Chess.com"]
[Date "2017.02.07"]
[Round "1"]
[White "MumLookatMeNow"]
[Black "jk13"]
[Result "0-1"]
[WhiteElo "2235"]
[BlackElo "2535"]
[TimeControl "180+2"]
[EndTime "13:07:36 PST"]
[Termination "jk13 won by resignation"]

1. e4 e5 2. Nf3 Nc6 3. d4 exd4 4.
Nxd4 Bb4+ 5. c3 Bc5 6. Be3 Bb6 7.
Bc4 Nf6 8. Nd2 O-O 9. O-O Re8 10. Qf3 Ne5 11. Qe2 Nxc4 12. Qxc4 Nxe4 13. Nxe4 Rxe4 14. Rad1 d5 15. Qb3 c6 16. c4 c5 17.
Nb5 d4 18. Rfe1 Qe7 19. Bd2 Bd7 20. Rxe4 Qxe4 21. Nd6 Qg6 22. Bf4 Bc6 23. Bg3 Rd8 24.
Nb5 h5 25. h4 Re8 26. Nd6 Re2 27. Nc8 Bd8 28. Rd3 Bxh4 29. Qd1 Rxb2 30. Ne7+ Bxe7 31. Qc1 Qxd3 32. Qxb2 h4 33. Bf4 Qe4 0-1

[Event "***Titled Tuesday 3|2 Blitz"]
[Site "Chess.com"]
[Date "2017.02.07"]
[Round "1"]
[White "BilodeauA"]
[Black "pedroholly22"]
[Result "1-0"]
[WhiteElo "2566"]
[BlackElo "2279"]
[TimeControl "180+2"]
[EndTime "13:07:39 PST"]
[Termination "BilodeauA won on time"]

1. e4 e5 2. Nf3 Nc6 3. Bb5 a6 4. Ba4 Nf6 5. O-O Be7 6. Re1 b5 7. Bb3 O-O 8. c3 d5 9. d4 exd4 10. e5 Ne4 11. cxd4 Bg4 12. Nc3 Bxf3 13. gxf3 Nxc3 14.
bxc3 Na5 15. Bc2 c5 16. f4 Rc8 17. Kh1 cxd4 18. cxd4 Nc4 19. Rg1 f5 20. exf6 Rxf6 21. Qh5 h6 22. f5 Qe8 23. Qg4 Qf7 24. Bd3 Nd6 25. Bf4 Nxf5 26. Be5 Rf8 27. Bxf5 1-0

[Event "***Titled Tuesday 3|2 Blitz"]
[Site "Chess.com"]
[Date "2017.02.07"]
[Round "1"]
[White "Incognito_Knight"]
[Black "Sethu0025"]
[Result "0-1"]
[WhiteElo "2272"]
[BlackElo "2551"]
[TimeControl "180+2"]
[EndTime "13:07:43 PST"]
[Termination "Sethu0025 won by resignation"]

1. e4 c5 2. Nf3 e6 3. d4 cxd4 4.
Nxd4 Nc6 5. Nc3 Qc7 6. Be3 a6 7. Qf3 d6 8. O-O-O Bd7 9. Qg3 Nf6 10. Be2 b5 11. a3 Rc8 12. Kb1 Qb8 13. f4 b4 14.
axb4 Nxb4 15. e5 Nfd5 16. Nxd5 Nxd5 17. Bd2 dxe5 18. fxe5 Bb4 19. Qxg7 Bxd2 20. Rxd2 Rf8 21. Kc1 Qb4 22. Nf5 exf5 23. Rxd5 Qa4 24. Bd3 Qa1+ 25. Kd2 Qxh1 26. Bxa6 Rc6 27. Bb5 Rg6 28. Bxd7+ Ke7 29. Qxh7 Qxg2+ 30. Kc3 Qxd5 0-1

[Event "***Titled Tuesday 3|2 Blitz"]
[Site "Chess.com"]
[Date "2017.02.07"]
[Round "1"]
[White "TomsKantans"]
[Black "Jahonas"]
[Result "1-0"]
[WhiteElo "2498"]
[BlackElo "2142"]
[TimeControl "180+2"]
[EndTime "13:07:43 PST"]
[Termination "TomsKantans won by resignation"]

1. e4 c5 2. Nf3 d6 3. Bb5+ Bd7 4.
a4 a6 5. Bxd7+ Qxd7 6. O-O Nc6 7. d3 e6 8. Be3 Nf6 9. h3 Be7 10. c3 O-O 11. Nbd2 Qc7 12. d4 d5 13. e5 Ne4 14.
Nxe4 dxe4 15. Nd2 Rad8 16. Nxe4 cxd4 17. cxd4 Nxe5 18. Rc1 Qa5 19. Qb3 Qd5 20. Qxd5 exd5 21. dxe5 dxe4 22. Rc7 Rfe8 23. Rxb7 Bf8 24. Rc1 Rxe5 25.
g4 Re7 26. Rb6 Re6 27. Rxe6 fxe6 28. Rc6 Rb8 29. Rxa6 Rxb2 30. Rxe6 Rb4 31. a5 Ra4 32. a6 Kf7 33. Rc6 Be7 34. a7 1-0

[Event "***Titled Tuesday 3|2 Blitz"]
[Site "Chess.com"]
[Date "2017.02.07"]
[Round "1"]
[White "Evgeny_Levin"]
[Black "Boryboy"]
[Result "1-0"]
[WhiteElo "2752"]
[BlackElo "2399"]
[TimeControl "180+2"]
[EndTime "13:07:45 PST"]
[Termination "Evgeny_Levin won by resignation"]

1. d4 e6 2. c4 d5 3. Nc3 a6 4. cxd5 exd5 5. Bf4 Bd6 6. Bg3 Nf6 7. e3 O-O 8. Bd3 Re8 9. Nf3 c6 10.
O-O Ne4 11. Bxe4 dxe4 12. Nd2 Bxg3 13. fxg3 f5 14. g4 fxg4 15. Ndxe4 Qe7 16. Rf4 Be6 17. d5 cxd5 18. Nxd5 Qd8 19. Ndf6+ gxf6 20. Nxf6+ Kh8 21. Nxe8 Qxe8 22. Qd6 Nc6 23. Re4 Nd8 24. Rf1 Kg7 25. Qe5+ Kg8 26. Rxg4+ Qg6 27. Rxg6+ hxg6 28. Rf6 Bf7 29.
h4 Rc8 30. h5 gxh5 31. Qg5+ Kf8 32. Qxh5 Rc1+ 33. Kh2 Ke7 34. Qe5+ Be6 35. Rh6 Kd7 36.
Qd4+ Kc8 37. Rh8 1-0

[Event "***Titled Tuesday 3|2 Blitz"]
[Site "Chess.com"]
[Date "2017.02.07"]
[Round "1"]
[White "AdrianaNikolova"]
[Black "Noukii"]
[Result "0-1"]
[WhiteElo "2324"]
[BlackElo "2612"]
[TimeControl "180+2"]
[EndTime "13:07:47 PST"]
[Termination "Noukii won by resignation"]

1. e4 e5 2. Nf3 Nc6 3. Nc3 Nf6 4. Bb5 Bc5 5. O-O Nd4 6. Nxd4 Bxd4 7. d3 c6 8. Ba4 d6 9. Ne2 Bb6 10. Bg5 h6 11. Bh4 g5 12. Bg3 h5 13. h4 Ng4 14. d4 gxh4 15. Bh2 Qf6 16. c3 Rg8 17. Qd3 Bd7 18. f3 Nxh2 19. Kxh2 O-O-O 20. d5 Rg3 21. dxc6 bxc6 22. Rg1 Rdg8 23. b4 Qe6 24. Nxg3 hxg3+ 25. Kh1 Qf6 0-1

[Event "***Titled Tuesday 3|2 Blitz"]
[Site "Chess.com"]
[Date "2017.02.07"]
[Round "1"]
[White "Cruel_Yaro"]
[Black "destroyer305"]
[Result "1-0"]
[WhiteElo "2603"]
[BlackElo "2319"]
[TimeControl "180+2"]
[EndTime "13:07:50 PST"]
[Termination "Cruel_Yaro won by resignation"]

1. e4 c5 2. Nf3 d6 3. d4 cxd4 4.
Nxd4 Nf6 5. Nc3 g6 6. Be3 Bg7 7. f3 O-O 8. Qd2 Nc6 9. Bc4 Bd7 10. g4 Rc8 11. Be2 Nxd4 12. Bxd4 Qa5 13. O-O-O b5 14. Kb1 b4 15. Nd5 Nxd5 16. exd5 Ba4 17. b3 Bb5 18. Bxg7 Kxg7 19. h4 Bxe2 20. Qxe2 Rc5 21. h5 Rfc8 22. Rc1 Rxd5 23. Qxe7 Qc7 24. Qe4 Rd2 25. hxg6 hxg6 26. g5 d5 27. Qxb4 Rxc2 28. Qd4+ Kf8 29. Rh8+ Ke7 30.
Qf6+ Kd7 31. Qxf7+ Kd6 32. Qxc7+ R2xc7 33. Rxc8 1-0

[Event "***Titled Tuesday 3|2 Blitz"]
[Site "Chess.com"]
[Date "2017.02.07"]
[Round "1"]
[White "capatl"]
[Black "wonderfultime"]
[Result "0-1"]
[WhiteElo "2359"]
[BlackElo "2650"]
[TimeControl "180+2"]
[EndTime "13:07:53 PST"]
[Termination "wonderfultime won by resignation"]

1. c4 Nf6 2. Nc3 c5 3. Nf3 Nc6 4. d4 cxd4 5. Nxd4 e6 6. e3 Bb4 7.
Bd2 O-O 8. a3 Bc5 9. Nxc6 bxc6 10.
b4 Be7 11. c5 d6 12. cxd6 Bxd6 13. Be2 c5 14. Nb5 Be7 15. bxc5 Bxc5 16. Rc1 Be7 17.
Bf3 Nd5 18. O-O a6 19. Bxd5 exd5 20. Nc7 Ra7 21. Ba5 Bxa3 22. Ra1 Bd6 23. Nxd5 Qg5 24.
Nf4 Rd7 25. Qc1 Bb7 26. f3 Rc8 27. Qb2 Be5 28. h4 Qxf4 29. Qxb7 Qh2+ 0-1

[Event "***Titled Tuesday 3|2 Blitz"]
[Site "Chess.com"]
[Date "2017.02.07"]
[Round "1"]
[White "Grebeniuk-S"]
[Black "EmeseBalogh"]
[Result "1-0"]
[WhiteElo "2442"]
[BlackElo "2006"]
[TimeControl "180+2"]
[EndTime "13:07:54 PST"]
[Termination "Grebeniuk-S won by resignation"]

1. d4 d5 2. c4 c6 3. cxd5 cxd5 4.
Bf4 Nc6 5. Nc3 e6 6. e3 Nf6 7. Bd3 Bd6 8. Bxd6 Qxd6 9. Nf3 O-O 10. O-O h6 11. Rc1 a6 12. Na4 Re8 13. a3 Ne4 14.
Qc2 f5 15. b4 Rf8 16. g3 Bd7 17. Nc5 Rab8 18. Qb2 Be8 19. Ne5 Nxe5 20. dxe5 Qe7 21. f3 Nxc5 22. Rxc5 Bc6 23. Qd4 Qf7 24. Bxa6 bxa6 25.
Rxc6 Ra8 26. Rfc1 Qh5 27. Kg2 Qf7 28. Rc7 Qg6 29. R1c6 Rfe8 30. Qxd5 Qxg3+ 31. hxg3 exd5 32. Rg6 Rxe5 33. Rgxg7+ Kf8 34. Rh7 Kg8 35. Rhe7 Re8 36. Rxe5 Rxe5 37. Kf2 a5 38. bxa5 d4 39. exd4 Rxa5 40.
Rc3 Kf7 41. Ke3 Ke6 42. Kf4 Ra4 43. Rc6+ Kd5 44. Rxh6 Rxa3 45. Rf6 Kxd4 46. Rxf5 Kd3 47. Re5 Ra6 48. Kf5 Kd4 49. f4 1-0

[Event "***Titled Tuesday 3|2 Blitz"]
[Site "Chess.com"]
[Date "2017.02.07"]
[Round "1"]
[White "sergiochess83"]
[Black "Sven_Tica"]
[Result "1/2-1/2"]
[WhiteElo "2717"]
[BlackElo "2405"]
[TimeControl "180+2"]
[EndTime "13:08:03 PST"]
[Termination "Game drawn by agreement"]

1. e4 c5 2. Nf3 Nf6 3. Nc3 d5 4.
exd5 Nxd5 5. Bb5+ Bd7 6. a4 a6 7.
Bc4 Nf6 8. Ne5 e6 9. O-O Nc6 10. Nxd7 Qxd7 11. d3 Bd6 12. Bg5 Be7 13. a5 O-O 14.
Re1 Nd5 15. Bxe7 Nxc3 16. bxc3 Qxe7 17. Bd5 Qc7 18. Bxc6 Qxc6 19. c4 b6 20. axb6 Qxb6 21. Ra4 Rfb8 22. Qa1 Qb2 23. Rxa6 Rxa6 24. Qxa6 Qxc2 25.
Qd6 Ra8 26. Qc6 Rd8 27. Qxc5 Qxd3 28. h3 h6 29. Qc7 Rd4 30. c5 Qc3 31. Rb1 Rc4 32.
Rb8+ Kh7 33. Rb7 Qe1+ 34. Kh2 Qxf2 35. Qxf7 Qxf7 36. Rxf7 Rxc5 37. g4 Kg6 38. Rf3 h5 39. Kg3 hxg4 40. hxg4 Kg5 41. Re3 e5 42. Kf3 Kh4 43.
Re1 Rc3+ 44. Kf2 g5 45. Rxe5 Kxg4 46. Rb5 Rc2+ 47. Kg1 Kh4 48. Rb4+ g4 49. Rb3 1/2-1/2

[Event "***Titled Tuesday 3|2 Blitz"]
[Site "Chess.com"]
[Date "2017.02.07"]
[Round "1"]
[White "daro94"]
[Black "ZEN-22"]
[Result "1-0"]
[WhiteElo "2652"]
[BlackElo "2366"]
[TimeControl "180+2"]
[EndTime "13:08:03 PST"]
[Termination "daro94 won by checkmate"]

1. d4 Nf6 2. Nf3 e6 3. c4 d5 4. e3 c5 5. Nc3 a6 6. a3 Nc6 7. dxc5 Bxc5 8. b4 Ba7 9. Bb2 d4 10. exd4 Nxd4 11. c5 Nxf3+ 12. Qxf3 O-O 13. Bd3 e5 14.
Ne4 Bb8 15. Rd1 Re8 16. O-O Be6 17. Nxf6+ Qxf6 18. Qxb7 Ra7 19. Qe4 Qh6 20. Rfe1 f5 21.
Qc6 Rd7 22. Bc4 Rde7 23. Bxe6+ Rxe6 24. Qd5 e4 25. g3 Qh3 26. Qc4 Kh8 27. Qxe6 Rg8 28.
Qf7 h6 29. Rd8 Rxd8 30. Qxg7# 1-0

[Event "***Titled Tuesday 3|2 Blitz"]
[Site "Chess.com"]
[Date "2017.02.07"]
[Round "1"]
[White "RoelandPruijssers"]
[Black "ChristopherYoo"]
[Result "1-0"]
[WhiteElo "2487"]
[BlackElo "2086"]
[TimeControl "180+2"]
[EndTime "13:08:07 PST"]
[Termination "RoelandPruijssers won by resignation"]

1. e4 e5 2. Nf3 Nc6 3. Bb5 Nf6 4. d3 Bc5 5. c3 d6 6. O-O O-O 7. h3 h6 8. Re1 a6 9. Ba4 Ba7 10.
Nbd2 Ne7 11. Nf1 Ng6 12. Ng3 Kh7 13. d4 b5 14. Bc2 c5 15. Be3 Qc7 16. Qd2 Re8 17.
Rad1 Bd7 18. dxe5 dxe5 19. Nf5 Bxf5 20. exf5 Nf8 21. Nh2 Rad8 22. Qe2 Rxd1 23. Rxd1 N8d7 24. Ng4 Rd8 25. Qd2 Bb6 26. Nxf6+ gxf6 27. Qe2 Nb8 28. Qh5 Rxd1+ 29. Bxd1 Qd6 30. Bxh6 Qxd1+ 31. Qxd1 Kxh6 32. Qd6 Ba7 33. Qxf6+ Kh7 34. Qxf7+ 1-0

[Event "***Titled Tuesday 3|2 Blitz"]
[Site "Chess.com"]
[Date "2017.02.07"]
[Round "1"]
[White "alekroth64"]
[Black "kpio91"]
[Result "0-1"]
[WhiteElo "2221"]
[BlackElo "2523"]
[TimeControl "180+2"]
[EndTime "13:08:09 PST"]
[Termination "kpio91 won on time"]

1. d4 Nf6 2. c4 e6 3. Nf3 d5 4.
Bg5 Bb4+ 5. Nc3 h6 6. Bxf6 Qxf6 7.
e3 O-O 8. Bd3 Rd8 9. O-O dxc4 10. Bxc4 Qe7 11. Qb3 c5 12. a3 Ba5 13. dxc5 Qxc5 14. Ne4 Qe7 15. Rfd1 Nc6 16. Rxd8+ Bxd8 17. Rd1 Bc7 18. h3 Rb8 19. Qd3 Bd7 20. Bb5 Be8 21. Qc3 a6 22. Bxc6 Bxc6 23. Nc5 Rc8 24. Nd4 Bd5 25. e4 Bd6 26. exd5 Rxc5 27. Qf3 Rxd5 28. Nb3 Rxd1+ 29. Qxd1 Qc7 30. Qd3 Be5 31. Qe2 Bf6 0-1

[Event "***Titled Tuesday 3|2 Blitz"]
[Site "Chess.com"]
[Date "2017.02.07"]
[Round "1"]
[White "oskariot"]
[Black "MFBerna"]
[Result "1-0"]
[WhiteElo "2535"]
[BlackElo "2239"]
[TimeControl "180+2"]
[EndTime "13:08:15 PST"]
[Termination "oskariot won by resignation"]

1. e4 c6 2. d4 d5 3. e5 Bf5 4. Nf3 e6 5. Be2 Nd7 6. O-O h6 7. Nbd2 Ne7 8. Nb3 c5 9. Nxc5 Nxc5 10. dxc5 Nc6 11. Be3 Qc7 12. Nd4 Qxe5 13. Bb5 Rc8 14. Re1 Qf6 15. Nxc6 bxc6 16. Bd4 Qg6 17. Ba6 Rc7 18.
c3 Be7 19. Be5 Rd7 20. Qa4 Be4 21. Bf1 O-O 22. Qxc6 Rdd8 23. b4 Bf6 24. Bxf6 Qxf6 25. Rac1 e5 26. Qxf6 gxf6 27. c6 Bf5 28. Ba6 d4 29.
cxd4 Rxd4 30. b5 Ra4 31. c7 Bc8 32. Bxc8 Rxc8 33. Red1 Rd4 34. Rxd4 exd4 35. Kf1 Kf8 36. Ke2 Ke7 37. Kd3 Kd6 38. Kxd4 Rxc7 39. Rxc7 Kxc7 40.
Kc5 Kd7 41. a4 Kc7 42. a5 1-0

[Event "***Titled Tuesday 3|2 Blitz"]
[Site "Chess.com"]
[Date "2017.02.07"]
[Round "1"]
[White "Carolina-moon"]
[Black "PaulfromSPb"]
[Result "0-1"]
[WhiteElo "2046"]
[BlackElo "2453"]
[TimeControl "180+2"]
[EndTime "13:08:20 PST"]
[Termination "PaulfromSPb won by resignation"]

1. e4 c5 2. Nf3 d6 3. Bb5+ Nd7 4.
O-O Nf6 5. Re1 g6 6. c3 a6 7.
Bd3 Bg7 8. Bc2 O-O 9. d4 e5 10.
Nbd2 b5 11. a4 Bb7 12. Nf1 Qc7 13. Ng3 Rfe8 14. a5 Rad8 15. d5 c4 16. Be3 h6 17.
Qd2 Ng4 18. h3 Nxe3 19. Qxe3 Nc5 20. Nh2 Kh7 21. Ng4 h5 22. Nh2 Bh6 23. Qe2 Rf8 24. Nxh5 gxh5 25. Qxh5 Qe7 26. Nf3 Rg8 27. h4 Bc8 28. Ng5+ Kg7 29. Re3 Bxg5 30. Rg3 Kf8 31. hxg5 Ke8 32. Re1 Kd7 33. Rf3 Rdf8 34. Rf6 Kc7 35. Re3 Nd7 36. Ref3 Nxf6 37. gxf6 Qd7 38. Qh6 Re8 39. Qe3 Bb7 40. b3 cxb3 41. Bxb3 Kb8 42. c4 Rc8 43. cxb5 Qxb5 44. g3 Rh8 45. Kg2 Qc5 46. Qd3 Qc1 47. Bd1 Rc3 48. Qe2 Rxf3 49. Qxf3 Qd2 50. Be2 Qxa5 51. Bf1 Qb4 52. Qf5 a5 53.
Qg5 Qxe4+ 54. f3 Qxd5 55. Qg7 Qxf3+ 0-1

[Event "***Titled Tuesday 3|2 Blitz"]
[Site "Chess.com"]
[Date "2017.02.07"]
[Round "1"]
[White "samolo"]
[Black "Rickstereo"]
[Result "1-0"]
[WhiteElo "2520"]
[BlackElo "2218"]
[TimeControl "180+2"]
[EndTime "13:08:23 PST"]
[Termination "samolo won by resignation"]

1. Nf3 Nf6 2. g3 g6 3. Bg2 Bg7 4. O-O O-O 5. d3 c5 6. c3 d5 7. a3 Nc6 8. b4 b6 9. Bb2 Ba6 10.
Nbd2 Rc8 11. Qa4 Bb7 12. Rac1 Ba8 13. Nb3 c4 14. Nbd4 cxd3 15. exd3 Qd7 16. Nxc6 Bxc6 17.
Qb3 Ba4 18. Qa2 Rfe8 19. Rfe1 Bb5 20. c4 dxc4 21. dxc4 Ba6 22. Ne5 Qc7 23. b5 Bb7 24. c5 Bxg2 25. Qxf7+ Kh8 26. Kxg2 bxc5 27. Qe6 Bf8 28.
a4 Qb6 29. Nc6 Bg7 30. Kg1 a6 31. Qc4 axb5 32. axb5 Rxc6 33. bxc6 Qxb2 34. c7 Qb7 35.
Qxc5 Qc8 36. Rxe7 Rxe7 37. Qxe7 1-0

[Event "***Titled Tuesday 3|2 Blitz"]
[Site "Chess.com"]
[Date "2017.02.07"]
[Round "1"]
[White "ER404"]
[Black "ftorodent"]
[Result "0-1"]
[WhiteElo "2147"]
[BlackElo "2502"]
[TimeControl "180+2"]
[EndTime "13:08:23 PST"]
[Termination "ftorodent won on time"]

1. e4 e6 2. d4 d5 3. Nd2 Be7 4.
e5 c5 5. c3 Nc6 6. Bd3 f5 7.
Ne2 Nh6 8. Nf3 Nf7 9. h4 Qb6 10. O-O Bd7 11. c4 dxc4 12. Bxc4 Nxd4 13. Nexd4 cxd4 14. Qxd4 Bc5 15. Qf4 Bb5 16. Bd2 O-O 17.
b4 Be7 18. Be3 Qa6 19. Bxb5 Qxb5 20. a4 Qxb4 21. Qxb4 Bxb4 22. Rab1 a5 23. Nd2 Nxe5 24. Nb3 Nc4 25. Rfc1 Nxe3 26. fxe3 Rac8 27. Nd4 Kf7 28.
Nf3 Kf6 29. Kf2 Rfd8 30. Ke2 b6 31. Nd4 Bc5 32. Nb5 Rd7 33. Rc3 Rcd8 34. Rb2 Rd1 35.
Rbc2 Rh1 0-1

[Event "***Titled Tuesday 3|2 Blitz"]
[Site "Chess.com"]
[Date "2017.02.07"]
[Round "1"]
[White "Ar4uha"]
[Black "HouseOfDurin"]
[Result "1-0"]
[WhiteElo "2423"]
[BlackElo "1883"]
[TimeControl "180+2"]
[EndTime "13:08:25 PST"]
[Termination "Ar4uha won by resignation"]

1. e4 c5 2. Nf3 Nc6 3. Bb5 g6 4.
O-O Bg7 5. Re1 e5 6. Bxc6 bxc6 7. d3 Ne7 8. Nbd2 O-O 9. Nc4 d6 10. a3 h6 11. b4 cxb4 12. axb4 Be6 13. Be3 Bxc4 14.
dxc4 Qc7 15. Qd2 Kh7 16. Red1 Rfd8 17. Ra5 f5 18. Qd3 c5 19. c3 Nc6 20. Ra4 fxe4 21. Qxe4 cxb4 22. cxb4 Ne7 23. Rda1 d5 24. cxd5 Rxd5 25.
h3 a5 26. Bd2 Rad8 27. bxa5 Rxd2 28. Nxd2 Rxd2 29. a6 Nc6 30. a7 Nxa7 31. Rxa7 Qd6 32. Qb7 Rd1+ 33. Rxd1 Qxd1+ 34. Kh2 1-0

[Event "***Titled Tuesday 3|2 Blitz"]
[Site "Chess.com"]
[Date "2017.02.07"]
[Round "1"]
[White "olomi007"]
[Black "stefanodinn"]
[Result "1/2-1/2"]
[WhiteElo "2515"]
[BlackElo "2228"]
[TimeControl "180+2"]
[EndTime "13:08:38 PST"]
[Termination "Game drawn by repetition"]

1. e4 c5 2. Nf3 d6 3. d4 cxd4 4.
Nxd4 Nf6 5. Nc3 a6 6. Bg5 e6 7. f4 h6 8. Bh4 Qb6 9. a3 Nc6 10. Bf2 Qc7 11. Qf3 Be7 12. O-O-O Bd7 13. g4 Nxd4 14. Bxd4 e5 15. fxe5 dxe5 16. Qg3 Bd6 17.
Be3 Rc8 18. Bd3 Bxa3 19. Nd5 Nxd5 20. exd5 Bd6 21. Qf3 O-O 22. Rdf1 Bb5 23. Be4 Bxf1 24. Rxf1 f5 25. gxf5 Bc5 26. Bd2 Qb6 27. Qg3 Bd4 28. c3 Rf6 29. Kb1 Bc5 30. Rf3 Ba3 31. Bc1 Bd6 32. Qg2 Rc4 33. Rg3 Bf8 34. d6 Rxe4 35.
Qxe4 Bxd6 36. Rd3 Kf8 37. Be3 Qc6 38. Qg4 Kf7 39. Qh5+ Kf8 40. Qg4 Kf7 41. h4 Qd7 42. Bc5 Qc6 43. Bxd6 Rxd6 44. Rxd6 Qxd6 45. Qc4+ Kf6 46.
Qc8 Qd3+ 47. Ka2 Qd5+ 48. c4 Qa5+ 49. Kb3 Qb6+ 50. Kc3 Qe3+ 51. Kb4 Qb6+ 52. Ka3 Qa5+ 53. Kb3 Qb6+ 54. Ka3 Qa5+ 55. Kb3 Qb6+ 1/2-1/2

[Event "***Titled Tuesday 3|2 Blitz"]
[Site "Chess.com"]
[Date "2017.02.07"]
[Round "1"]
[White "Vamostodorecto"]
[Black "denizozen"]
[Result "1/2-1/2"]
[WhiteElo "2131"]
[BlackElo "2433"]
[TimeControl "180+2"]
[EndTime "13:08:38 PST"]
[Termination "Game drawn by repetition"]

1. d4 Nf6 2. c4 c6 3. Nc3 d5 4.
Nf3 e6 5. e3 Nbd7 6. Bd3 Bd6 7.
O-O O-O 8. e4 dxc4 9. Bxc4 b5 10. Bd3 e5 11. dxe5 Nxe5 12. Nxe5 Bxe5 13. Qc2 Be6 14.
f4 Bd4+ 15. Kh1 Ng4 16. f5 Bc4 17. Bxc4 bxc4 18. Bf4 Qb6 19. h3 Nf2+ 20. Kh2 Nd3 21. Na4 Qb5 22. Bg3 Rfe8 23. Nc3 Qxb2 24. Qxb2 Nxb2 25. Ne2 Rxe4 26. Nxd4 Rxd4 27. f6 gxf6 28. Rxf6 Re8 29. Raf1 Rd7 30. Rxc6 Re6 31. Rc8+ Kg7 32. Rf2 Nd3 33. Rc2 Nb4 34. R2xc4 Nxa2 35. Rg4+ Rg6 36. Ra4 Rd2 37. Rxa7 Re2 38. Rcc7 Re3 39. Rxf7+ Kg8 40. Bd6 Rxd6 41. Rg7+ Kf8 42. Rxh7 Kg8 43. Rhg7+ Kf8 44. Rh7 Kg8 45. Rhg7+ Kf8 46. Rh7 Kg8 47. Rhg7+ 1/2-1/2

[Event "***Titled Tuesday 3|2 Blitz"]
[Site "Chess.com"]
[Date "2017.02.07"]
[Round "1"]
[White "Kouzari"]
[Black "nOcHeaTiNgKiD"]
[Result "0-1"]
[WhiteElo "2482"]
[BlackElo "2164"]
[TimeControl "180+2"]
[EndTime "13:08:43 PST"]
[Termination "nOcHeaTiNgKiD won by resignation"]

1. d4 Nf6 2. c4 g6 3. Nc3 Bg7 4.
e4 d6 5. f3 O-O 6. Be3 e5 7. d5 c6 8. Qd2 cxd5 9. cxd5 a6 10. Bd3 Nbd7 11. Nge2 Nh5 12. O-O-O b5 13. b4 a5 14. a3 axb4 15. axb4 Nb6 16. Kb2 Nf4 17. Ra1 Nxd3+ 18. Qxd3 Nc4+ 19. Qxc4 Rxa1 20. Rxa1 bxc4 21. b5 Bd7 22. b6 Qb8 23. Ra7 Rd8 24. Nc1 Bh6 25. Bf2 f5 26. N1a2 Bd2 27. Nb4 fxe4 28. Na6 Qxa7 29. bxa7 e3 30. Bh4 Ra8 31. Nb8 Rxa7 32.
Nxd7 Rxd7 33. Kc2 Kf7 34. Ne4 c3 35. Bg5 Kg7 36. Bf6+ Kf7 37. Bh4 h6 38. Kd3 g5 39.
Bg3 Kg6 40. Nxc3 Bxc3 41. Kxc3 Ra7 42. Kd3 Ra3+ 43. Ke4 e2 44. Bf2 Ra1 0-1

[Event "***Titled Tuesday 3|2 Blitz"]
[Site "Chess.com"]
[Date "2017.02.07"]
[Round "1"]
[White "Janosik"]
[Black "GasconJR"]
[Result "1-0"]
[WhiteElo "2624"]
[BlackElo "2333"]
[TimeControl "180+2"]
[EndTime "13:08:46 PST"]
[Termination "Janosik won on time"]

1. d4 Nf6 2. c4 g6 3. g3 Bg7 4. Bg2 O-O 5. Nc3 d6 6. Nf3 Nbd7 7. O-O e5 8. e4 exd4 9. Nxd4 Re8 10. h3 a6 11. a4 Ne5 12. b3 Bd7 13. Bb2 Qc8 14. Kh2 h5 15. Nc2 Bc6 16. Re1 h4 17. g4 Bh6 18. Bc1 Bxc1 19. Qxc1 Nd3 20.
Qg5 Nxe1 21. Rxe1 Qe6 22. f4 Nh7 23. Qxh4 b5 24. Nd4 Qd7 25. Nxc6 Qxc6 26. e5 Qc5 27. Bxa8 Rxa8 28. e6 g5 29. exf7+ Kg7 30. Qg3 bxc4 31. Ne4 Qd4 32. bxc4 Rb8 33. Re2 Rb1 34. fxg5 Qd1 35. Qg2 Nf8 36. Nc3 1-0

[Event "***Titled Tuesday 3|2 Blitz"]
[Site "Chess.com"]
[Date "2017.02.07"]
[Round "1"]
[White "martinique24"]
[Black "platy3"]
[Result "0-1"]
[WhiteElo "2316"]
[BlackElo "2596"]
[TimeControl "180+2"]
[EndTime "13:08:46 PST"]
[Termination "platy3 won on time"]

1. e4 c5 2. Nf3 Nc6 3. Nc3 Nf6 4. d4 cxd4 5. Nxd4 e5 6. Ndb5 d6 7. Bg5 a6 8. Na3 b5 9. Bxf6 gxf6 10. Nd5 Bg7 11.
Bd3 Ne7 12. Nxe7 Qxe7 13. O-O f5 14. c4 O-O 15. Qh5 bxc4 16. Nxc4 Rb8 17. Ne3 f4 18. Nd5 Qd8 19. Rac1 Be6 20. b3 f5 21. Nc7 Bf7 22. Qxf5 Bxb3 23. Qg4 Bf7 24. Ne6 Bxe6 25. Qxe6+ Kh8 26.
Rc6 f3 27. g3 Rb6 28. Rfc1 Qg5 29. h4 Qd2 30. Qc4 Rxc6 31. Qxc6 Qxd3 32. a4 Bh6 33. Rf1 Rg8 0-1

[Event "***Titled Tuesday 3|2 Blitz"]
[Site "Chess.com"]
[Date "2017.02.07"]
[Round "1"]
[White "StegariuVlad"]
[Black "DanielNaroditsky"]
[Result "0-1"]
[WhiteElo "2392"]
[BlackElo "2719"]
[TimeControl "180+2"]
[EndTime "13:08:47 PST"]
[Termination "DanielNaroditsky won by resignation"]

1. d4 Nf6 2. Nf3 d5 3. e3 Bg4 4. h3 Bxf3 5. Qxf3 Nbd7 6. c4 e6 7. Nc3 c6 8. Bd2 Bb4 9. a3 Bxc3 10. Bxc3 O-O 11. Bd3 Re8 12. O-O e5 13. dxe5 Nxe5 14. Bxe5 Rxe5 15. Rfd1 Qe7 16. cxd5 Rxd5 17. Bc4 Rxd1+ 18.
Rxd1 Rd8 19. Qe2 Rxd1+ 20. Qxd1 Qd7 21. Qxd7 Nxd7 22. Kf1 Kf8 23. Ke2 Ke7 24. e4 f6 25.
Ke3 Kd6 26. Bg8 h6 27. f4 a5 28. h4 Nc5 29. Kd4 b6 30. e5+ fxe5+ 31. fxe5+ Ke7 32. b4 axb4 33. axb4 Ne6+ 34. Kc4 Nf4 35. g3 Ne2 36. g4 Nf4 37. Kd4 Ne6+ 38. Ke4 Nc7 39. Bc4 b5 40. Be2 Nd5 41. Kd4 Nxb4 42. Kc5 Nc2 43. Bd3 Ne3 44. g5 hxg5 45. hxg5 Ng4 46.
Bf5 Nxe5 47. Bh3 g6 48. Bc8 Kd8 49. Be6 Kc7 50. Kd4 Nf3+ 51. Kc5 Nxg5 52. Bg4 Ne4+ 53. Kd4 Nf6 54. Bf3 Kd6 55. Bg2 c5+ 56. Ke3 Ke5 57.
Bf1 c4 0-1

[Event "***Titled Tuesday 3|2 Blitz"]
[Site "Chess.com"]
[Date "2017.02.07"]
[Round "1"]
[White "olgerts_indricans"]
[Black "Paralinch"]
[Result "0-1"]
[WhiteElo "2340"]
[BlackElo "2626"]
[TimeControl "180+2"]
[EndTime "13:08:49 PST"]
[Termination "Paralinch won by resignation"]

1. e4 c6 2. Nc3 d5 3. d4 dxe4 4.
Nxe4 Bf5 5. Ng3 Bg6 6. Nf3 e6 7. h4 h6 8. Bd3 Bxd3 9. Qxd3 Nf6 10. Bd2 Be7 11. O-O-O O-O 12. Ne4 Nxe4 13. Qxe4 Qd5 14.
Qxd5 cxd5 15. Ne5 Nc6 16. Bf4 Rac8 17. Kb1 h5 18. c3 b5 19. Rc1 a5 20. Nf3 a4 21. a3 Na5 22. Ne5 f6 23. Ng6 Rfe8 24.
Nxe7+ Rxe7 25. Bd6 Ree8 26. f3 Nc4 27. Bb4 Kf7 28. Rcd1 e5 29. dxe5 Rxe5 30. Rhe1 Rce8 31. Rxe5 Rxe5 32. Bc5 Ke6 33. Bf2 Re2 34. Re1 Rxe1+ 35. Bxe1 Kf5 36. g3 g5 37. hxg5 fxg5 38. Kc2 Ne5 39.
f4 gxf4 40. gxf4 Kxf4 41. b3 Ke4 42. bxa4 bxa4 43. Bh4 Nc4 44. Be7 Ne5 45. Kd2 h4 46.
Ke2 h3 47. Kf2 Kd3 48. Kg3 Nc4 49. Bf6 Nxa3 50. Kxh3 Nb5 51. Kg3 a3 52. Kf3 Nxc3 0-1